TOP OF THE 1ST |
Detroit Tigers batting - Pitching for Pittsburgh Pirates : LHP Steven Matz
|
Pitching: LHP Steven Matz
|
|
Batting: RHB Jean Segura
|
0-0: Called Strike 0-1: Ground out 1-3 (Groundball, 13)
|
Batting: RHB Starling Marte
|
0-0: Foul Ball, location: 2F 0-1: Ball 1-1: Ball 2-1: Foul Ball, location: 2F 2-2: Foul Ball, location: 2F 2-2: Ball 3-2: SINGLE (Line Drive, 7S)
|
Batting: RHB George Springer
|
0-0: Ball 1-0: Ball 2-0: Ball 3-0: Base on Balls Starling Marte to second
|
Batting: RHB Khris Davis
|
0-0: Called Strike Starling Marte steals 3rd base 0-1: SINGLE (Line Drive, 56D) Starling Marte scores George Springer to second
|
Batting: RHB Ryon Healy
|
0-0: Ball 1-0: Called Strike 1-1: SINGLE (Groundball, 56D) George Springer to third Khris Davis to second Runner from 3rd tries for Home, SAFE, throw made home
|
Batting: RHB Elias Diaz
|
0-0: Ball 1-0: Foul Ball, location: 2F 1-1: Foul Ball, location: 2F 1-2: Ball 2-2: Foul Ball, location: 2F 2-2: Grounds into double play, 6-4-3 (Groundball, 56)
|
Top of the 1st over - 2 runs, 3 hits, 0 errors, 1 left on base; Detroit 2 - Pittsburgh 0 |
BOTTOM OF THE 1ST |
Pittsburgh Pirates batting - Pitching for Detroit Tigers : LHP Rich Hill
|
Pitching: LHP Rich Hill
|
|
Batting: RHB Brian Dozier
|
0-0: Foul Ball, location: 2F 0-1: Foul Ball, location: 2F 0-2: Strikes out swinging
|
Batting: RHB Lorenzo Cain
|
0-0: Called Strike 0-1: Ball 1-1: Called Strike 1-2: Ball 2-2: Foul Ball, location: 2F 2-2: SINGLE (Line Drive, 78S)
|
Batting: RHB Carlos Correa
|
0-0: Foul Ball, location: 2F 0-1: Grounds into double play, 1-6-3 (Groundball, 34S)
|
Bottom of the 1st over - 0 runs, 1 hit, 0 errors, 0 left on base; Detroit 2 - Pittsburgh 0 |
TOP OF THE 2ND |
Detroit Tigers batting - Pitching for Pittsburgh Pirates : LHP Steven Matz
|
Batting: LHB Kolten Wong
|
0-0: Fly out, F8 (Flyball, 78D)
|
Batting: RHB J.D. Davis
|
0-0: Called Strike 0-1: Ground out 6-3 (Groundball, 6)
|
Batting: LHB Rich Hill
|
0-0: Fly out, F8 (Flyball, 8LM)
|
Top of the 2nd over - 0 runs, 0 hits, 0 errors, 0 left on base; Detroit 2 - Pittsburgh 0 |
BOTTOM OF THE 2ND |
Pittsburgh Pirates batting - Pitching for Detroit Tigers : LHP Rich Hill
|
Batting: LHB Jake Lamb
|
0-0: Ball 1-0: Called Strike 1-1: Swinging Strike 1-2: Foul Ball, location: 2F 1-2: Ball 2-2: Ball 3-2: Foul Ball, location: 2F 3-2: Foul Ball, location: 2F 3-2: Strikes out looking
|
Batting: RHB Ryan Zimmerman
|
0-0: Ball 1-0: Swinging Strike 1-1: Swinging Strike 1-2: Ball 2-2: Foul Ball, location: 2F 2-2: Strikes out looking
|
Batting: LHB Jay Bruce
|
0-0: Ball 1-0: Foul Ball, location: 2F 1-1: Foul Ball, location: 2F 1-2: Strikes out swinging
|
Bottom of the 2nd over - 0 runs, 0 hits, 0 errors, 0 left on base; Detroit 2 - Pittsburgh 0 |
TOP OF THE 3RD |
Detroit Tigers batting - Pitching for Pittsburgh Pirates : LHP Steven Matz
|
Batting: RHB Jean Segura
|
0-0: Called Strike 0-1: Swinging Strike 0-2: Ball 1-2: Foul Ball, location: 2F 1-2: Ball 2-2: Strikes out swinging
|
Batting: RHB Starling Marte
|
0-0: Swinging Strike 0-1: Foul Ball, location: 2F 0-2: Foul Ball, location: 2F 0-2: Fly out, F6 (Popup, 6MS)
|
Batting: RHB George Springer
|
0-0: Ball 1-0: Called Strike 1-1: Ball 2-1: Ball 3-1: Base on Balls
|
Batting: RHB Khris Davis
|
0-0: Called Strike 0-1: Foul Ball, location: 2F 0-2: Foul Ball, location: 2F 0-2: 2-RUN HOME RUN (Line Drive, 7LD), Distance : 340 ft
|
Batting: RHB Ryon Healy
|
0-0: Foul Ball, location: 2F 0-1: Fly out, F6 (Line Drive, 6)
|
Top of the 3rd over - 2 runs, 1 hit, 0 errors, 0 left on base; Detroit 4 - Pittsburgh 0 |
BOTTOM OF THE 3RD |
Pittsburgh Pirates batting - Pitching for Detroit Tigers : LHP Rich Hill
|
Batting: RHB Manny Pina
|
0-0: Ball 1-0: Fly out, F9 (Flyball, 9S)
|
Batting: RHB Carlos Gomez
|
0-0: Called Strike 0-1: Ball 1-1: Swinging Strike 1-2: Ball 2-2: Strikes out swinging
|
Batting: RHB Steven Matz
|
0-0: Fly out, F4 (Popup, 3S)
|
Bottom of the 3rd over - 0 runs, 0 hits, 0 errors, 0 left on base; Detroit 4 - Pittsburgh 0 |
TOP OF THE 4TH |
Detroit Tigers batting - Pitching for Pittsburgh Pirates : LHP Steven Matz
|
Batting: RHB Elias Diaz
|
0-0: Ball 1-0: Ground out 5-3 (Groundball, 56)
|
Batting: LHB Kolten Wong
|
0-0: Ball 1-0: SINGLE (Line Drive, 78M)
|
Batting: RHB J.D. Davis
|
0-0: Called Strike Kolten Wong steals 2nd base 0-1: Foul Ball, location: 2F 0-2: Ball 1-2: Strikes out swinging
|
Batting: LHB Rich Hill
|
0-0: Foul Ball, location: 2F 0-1: Ground out 3-1 (Groundball, 34)
|
Top of the 4th over - 0 runs, 1 hit, 0 errors, 1 left on base; Detroit 4 - Pittsburgh 0 |
BOTTOM OF THE 4TH |
Pittsburgh Pirates batting - Pitching for Detroit Tigers : LHP Rich Hill
|
Batting: RHB Brian Dozier
|
0-0: Ball 1-0: Ball 2-0: Ball 3-0: Called Strike 3-1: Called Strike 3-2: Base on Balls
|
Batting: RHB Lorenzo Cain
|
0-0: Called Strike 0-1: Foul Ball, location: 2F 0-2: Ball 1-2: SINGLE (Groundball, 4D) Brian Dozier to second Runner from 2nd tries for 3rd, SAFE, throw made to third
|
Batting: RHB Carlos Correa
|
0-0: Called Strike 0-1: Foul Ball, location: 2F 0-2: Ball 1-2: Ball 2-2: Ball 3-2: SINGLE (Groundball, 34D) Brian Dozier scores Lorenzo Cain to second Runner from 2nd tries for 3rd, SAFE, throw made to third
|
Batting: LHB Jake Lamb
|
0-0: Ball 1-0: Ball 2-0: Ball 3-0: Base on Balls Carlos Correa to second
|
Batting: RHB Ryan Zimmerman
|
0-0: Called Strike 0-1: Ball 1-1: Ball 2-1: Ball 3-1: Base on Balls Lorenzo Cain scores Carlos Correa to third Jake Lamb to second
|
Batting: LHB Jay Bruce
|
0-0: Called Strike 0-1: Foul Ball, location: 2F 0-2: Fly out, F8 (Flyball, 8RXD) Runner from 3rd tags up, SCORES, no throw Jake Lamb to third
|
Batting: RHB Manny Pina
|
0-0: Called Strike 0-1: Fly out, F5 (Popup, 5SF)
|
Batting: RHB Carlos Gomez
|
0-0: 3-RUN HOME RUN (Flyball, 9D), Distance : 358 ft
|
Batting: RHB Steven Matz
|
0-0: Foul Ball, location: 2F 0-1: Called Strike 0-2: Ball 1-2: Strikes out looking
|
Bottom of the 4th over - 6 runs, 3 hits, 0 errors, 0 left on base; Detroit 4 - Pittsburgh 6 |
TOP OF THE 5TH |
Detroit Tigers batting - Pitching for Pittsburgh Pirates : LHP Steven Matz
|
Batting: RHB Jean Segura
|
0-0: Fly out, F7 (Flyball, 78S)
|
Batting: RHB Starling Marte
|
0-0: Called Strike 0-1: Ball 1-1: Foul Ball, location: 2F 1-2: Ball 2-2: Ball 3-2: Strikes out looking
|
Batting: RHB George Springer
|
0-0: Foul Ball, location: 2F 0-1: Called Strike 0-2: Ball 1-2: Foul Ball, location: 2F 1-2: Strikes out swinging
|
Top of the 5th over - 0 runs, 0 hits, 0 errors, 0 left on base; Detroit 4 - Pittsburgh 6 |
BOTTOM OF THE 5TH |
Pittsburgh Pirates batting - Pitching for Detroit Tigers : LHP Rich Hill
|
Pitching: LHP Tyler Lyons
|
|
Batting: RHB Brian Dozier
|
0-0: Ball 1-0: Ball 2-0: Called Strike 2-1: Ball 3-1: Called Strike 3-2: Foul Ball, location: 2F 3-2: SOLO HOME RUN (Flyball, 7D), Distance : 384 ft
|
Batting: RHB Lorenzo Cain
|
0-0: Called Strike 0-1: Foul Ball, location: 2F 0-2: Foul Ball, location: 2F 0-2: Ball 1-2: Foul Ball, location: 2F 1-2: Fly out, F8 (Flyball, 8RS)
|
Batting: RHB Carlos Correa
|
0-0: Called Strike 0-1: Foul Ball, location: 2F 0-2: SINGLE (Groundball, 6MD)
|
Batting: LHB Jake Lamb
|
0-0: Called Strike 0-1: Called Strike 0-2: DOUBLE (Line Drive, 89M) Carlos Correa to third
|
Batting: RHB Ryan Zimmerman
|
0-0: Ball 1-0: Ball 2-0: Called Strike 2-1: DOUBLE (Line Drive, 8RXD) Carlos Correa scores Jake Lamb scores
|
Pitching: RHP Hector Neris
|
|
Batting: LHB Jay Bruce
|
0-0: Fly out, F6 (Popup, 4MD)
|
Batting: RHB Manny Pina
|
0-0: Called Strike 0-1: Foul Ball, location: 2F 0-2: Ball 1-2: Strikes out swinging
|
Bottom of the 5th over - 3 runs, 4 hits, 0 errors, 1 left on base; Detroit 4 - Pittsburgh 9 |
TOP OF THE 6TH |
Detroit Tigers batting - Pitching for Pittsburgh Pirates : LHP Steven Matz
|
Batting: RHB Khris Davis
|
0-0: Swinging Strike 0-1: SOLO HOME RUN (Flyball, 7D), Distance : 414 ft
|
Batting: RHB Ryon Healy
|
0-0: SINGLE (Groundball, 6MD)
|
Batting: RHB Elias Diaz
|
0-0: Ball 1-0: Swinging Strike 1-1: Ball 2-1: TRIPLE (Line Drive, 8RXD) Ryon Healy scores
|
Batting: LHB Kolten Wong
|
0-0: Called Strike 0-1: Ball 1-1: Foul Ball, location: 2F 1-2: Strikes out swinging
|
Batting: RHB J.D. Davis
|
0-0: Swinging Strike 0-1: Swinging Strike 0-2: Ball 1-2: Ball 2-2: Foul Ball, location: 2F 2-2: SINGLE (Groundball, 4MD) Elias Diaz scores
|
Pinch Hitting: RHB Aaron Altherr
|
0-0: Grounds into double play, 6-4-3 (Groundball, 6)
|
Top of the 6th over - 3 runs, 4 hits, 0 errors, 0 left on base; Detroit 7 - Pittsburgh 9 |
BOTTOM OF THE 6TH |
Pittsburgh Pirates batting - Pitching for Detroit Tigers : RHP Hector Neris
|
Pitching: LHP Jonny Venters
|
|
Batting: RHB Carlos Gomez
|
0-0: Called Strike 0-1: SINGLE (Groundball, 6MD)
|
Pitching: RHP Pedro Baez
|
|
Pinch Hitting: RHB Matt Davidson
|
0-0: Ball Throwing error on steal attempt, E2 Carlos Gomez to third 1-0: Swinging Strike 1-1: Ball 2-1: Swinging Strike 2-2: 2-RUN HOME RUN (Flyball, 7D), Distance : 394 ft
|
Batting: RHB Brian Dozier
|
0-0: Called Strike 0-1: Foul Ball, location: 2F 0-2: Ball 1-2: SINGLE (Flyball, 8RS)
|
Batting: RHB Lorenzo Cain
|
0-0: Fly out, F7 (Flyball, 7LMF) Runner from 1st tags up, SAFE at 2nd
|
Batting: RHB Carlos Correa
|
0-0: Ball 1-0: Called Strike 1-1: Foul Ball, location: 2F 1-2: Ball 2-2: Ball 3-2: Ground out 4-3 (Groundball, 4) Brian Dozier to third
|
Batting: LHB Jake Lamb
|
0-0: Called Strike 0-1: Ball 1-1: Foul Ball, location: 2F 1-2: DOUBLE (Line Drive, 89D) Brian Dozier scores
|
Batting: RHB Ryan Zimmerman
|
0-0: Called Strike 0-1: Ball 1-1: Foul Ball, location: 2F 1-2: Strikes out swinging
|
Bottom of the 6th over - 3 runs, 4 hits, 1 error, 1 left on base; Detroit 7 - Pittsburgh 12 |
TOP OF THE 7TH |
Detroit Tigers batting - Pitching for Pittsburgh Pirates : LHP Steven Matz
|
Pitching: RHP Joe Kelly
|
|
Batting: RHB Jean Segura
|
0-0: Ball 1-0: Swinging Strike 1-1: Called Strike 1-2: SINGLE (Groundball, 3D)
|
Pitching: RHP Matt Bush
|
|
Batting: RHB Starling Marte
|
0-0: Ball 1-0: Called Strike 1-1: Foul Ball, location: 2F 1-2: Ball 2-2: Strikes out swinging
|
Pitching: RHP George Kontos
|
|
Batting: RHB George Springer
|
0-0: Ball 1-0: Fly out, F7 (Flyball, 7S)
|
Batting: RHB Khris Davis
|
0-0: Ball Jean Segura steals 2nd base 1-0: Ball 2-0: Ball 3-0: Foul Ball, location: 2F 3-1: Base on Balls
|
Batting: RHB Ryon Healy
|
0-0: Ball 1-0: Swinging Strike 1-1: Fly out, F7 (Flyball, 7S)
|
Top of the 7th over - 0 runs, 1 hit, 0 errors, 2 left on base; Detroit 7 - Pittsburgh 12 |
BOTTOM OF THE 7TH |
Pittsburgh Pirates batting - Pitching for Detroit Tigers : RHP Pedro Baez
|
Batting: LHB Jay Bruce
|
0-0: Called Strike 0-1: Ball 1-1: Swinging Strike 1-2: Foul Ball, location: 2F 1-2: Foul Ball, location: 2F 1-2: Ball 2-2: Ground out 1-3 (Groundball, 34S)
|
Batting: RHB Manny Pina
|
0-0: Ball 1-0: DOUBLE (Line Drive, 78XD)
|
Pitching: LHP Oliver Perez
|
|
Batting: RHB Carlos Gomez
|
0-0: Called Strike 0-1: Fly out, F8 (Flyball, 8LS)
|
Pinch Hitting: RHB Mark Canha
|
0-0: Foul Ball, location: 2F 0-1: Ball 1-1: Foul Ball, location: 2F 1-2: Foul Ball, location: 2F 1-2: Fly out, F6 (Popup, P)
|
Bottom of the 7th over - 0 runs, 1 hit, 0 errors, 1 left on base; Detroit 7 - Pittsburgh 12 |
TOP OF THE 8TH |
Detroit Tigers batting - Pitching for Pittsburgh Pirates : RHP George Kontos
|
Pitching: RHP Addison Reed
|
|
Batting: RHB Elias Diaz
|
0-0: Ball 1-0: Called Strike 1-1: Swinging Strike 1-2: Ball 2-2: Fly out, F9 (Line Drive, 9D)
|
Batting: LHB Kolten Wong
|
0-0: Ball 1-0: Ball 2-0: Called Strike 2-1: Called Strike 2-2: Ball 3-2: TRIPLE (Flyball, 78XD)
|
Pitching: RHP Ryan Pressly
|
|
Batting: RHB J.D. Davis
|
0-0: Ball 1-0: Foul Ball, location: 2F 1-1: Foul Ball, location: 2F 1-2: Strikes out looking
|
Pinch Hitting: LHB Pedro Alvarez
|
0-0: Ball 1-0: Called Strike 1-1: Ground out 4-3 (Groundball, 34)
|
Top of the 8th over - 0 runs, 1 hit, 0 errors, 1 left on base; Detroit 7 - Pittsburgh 12 |
BOTTOM OF THE 8TH |
Pittsburgh Pirates batting - Pitching for Detroit Tigers : LHP Oliver Perez
|
Pitching: LHP Will Smith
|
|
Batting: RHB Brian Dozier
|
0-0: Ground out 6-3 (Groundball, 6)
|
Batting: RHB Lorenzo Cain
|
0-0: Called Strike 0-1: Fly out, F8 (Line Drive, 8LM)
|
Batting: RHB Carlos Correa
|
0-0: Fly out, F7 (Flyball, 78M)
|
Bottom of the 8th over - 0 runs, 0 hits, 0 errors, 0 left on base; Detroit 7 - Pittsburgh 12 |
TOP OF THE 9TH |
Detroit Tigers batting - Pitching for Pittsburgh Pirates : RHP Ryan Pressly
|
Batting: RHB Jean Segura
|
0-0: Fly out, F7 (Flyball, 78M)
|
Batting: RHB Starling Marte
|
0-0: SINGLE (Line Drive, 89M)
|
Pitching: RHP Keone Kela
|
|
Batting: RHB George Springer
|
0-0: Foul Ball, location: 2F 0-1: Called Strike 0-2: Foul Ball, location: 2F 0-2: Strikes out looking
|
Batting: RHB Khris Davis
|
0-0: Ball 1-0: Called Strike 1-1: Called Strike Pickoff Throw to First - Error! E1 Starling Marte to second 1-2: Foul Ball, location: 2F 1-2: Ball 2-2: Ball 3-2: Base on Balls
|
Batting: RHB Ryon Healy
|
0-0: Ground out 1-3 (Groundball, 13)
|
Top of the 9th over - 0 runs, 1 hit, 1 error, 2 left on base; Detroit 7 - Pittsburgh 12 |
|